 Dungeon Crawl Stone Soup version 0.29.0-4-gdea44cf6ec (console) character file.

Game seed: 4578126450111230049

1378 Cab the Cleaver (level 8, -5/58 HPs)
             Began as a Demonspawn Fighter on Aug 27, 2022.
             Was an Initiate of Hepliaklqana.
             Slain by Maggie
             ... wielding a +1 morningstar of protection
              (14 damage)
             ... on level 7 of the Dungeon.
             The game lasted 00:16:58 (5568 turns).

Cab the Cleaver (Demonspawn Fighter)                Turns: 5568, Time: 00:16:59

Health: -5/58      AC: 22    Str: 18    XL:     8   Next: 39%
Magic:  8/8        EV:  1    Int: 10    God:    Hepliaklqana [......]
Gold:   329        SH:  5    Dex: 15    Spells: 7/7 levels left

rFire   + . .      SeeInvis +   a - +2 war axe
rCold   . . .      Faith    .   c - +0 buckler
rNeg    + . .      Spirit   .   k - +5 crystal plate armour of Nilot {rPois rN+ Dex+2 SInv}
rPois   +          Reflect  .   (no helmet)
rElec   .          Harm     .   (no cloak)
rCorr   .          Rampage  .   (no gloves)
Will    .....                   (no boots)
Stlth   ..........              (no amulet)
HPRegen 0.19/turn               e - ring of poison resistance
MPRegen 0.11/turn               j - ring of protection from fire

@: mighty
A: yellow scales 1, demonic guardian 2, demonic touch 1
a: Renounce Religion


You were on level 7 of the Dungeon.
You worshipped Hepliaklqana.
Hepliaklqana was noncommittal.
You visited 2 branches of the dungeon, and saw 8 of its levels.

You collected 329 gold pieces.

Inventory:

Hand Weapons
 a - a +2 war axe (weapon)
 x - a +0 battleaxe
Armour
 c - a +0 buckler (worn)
 k - the +5 crystal plate armour of Nilot (worn) {rPois rN+ Dex+2 SInv}
   (You found it on level 6 of the Dungeon)

   Dex:       It affects your dexterity (+2).
   rPois:     It protects you from poison.
   rN:        It protects you from negative energy.
   SInv:      It lets you see invisible.
Jewellery
 e - a ring of poison resistance (left hand)
 j - a ring of protection from fire (right hand)
Wands
 f - a wand of acid (19)
 r - a wand of digging (5)
 t - a wand of paralysis (15)
 u - a wand of flame (24)
Scrolls
 g - a scroll of blinking
 p - 3 scrolls of teleportation
 q - a scroll of fear
 w - a scroll of identify
Potions
 b - a potion of magic {unknown}
 h - a potion of cancellation {unknown}
 i - 3 potions of haste
 l - a potion of ambrosia
 m - 2 potions of flight
 n - a potion of lignification {unknown}
 o - 2 potions of degeneration {unknown}
 s - 2 potions of curing {unknown}
 v - a potion of attraction {unknown}


   Skills:
 - Level 3.0 Fighting
 * Level 9.6 Axes
 + Level 3.0 Armour
 - Level 2.6 Shields


You had 7 spell levels left.
You didn't know any spells.
Your spell library contained the following spells:

 Spells                   Type           Power      Damage    Failure   Level
 Summon Small Mammal      Summ           0%         N/A       100%        1
 Call Canine Familiar     Summ           0%         N/A       100%        3
 Summon Guardian Golem    Hex/Summ       0%         N/A       100%        3


Dungeon Overview and Level Annotations

Branches:
Dungeon (7/15)             Temple (1/1) D:6

Altars:
Fedhas
Gozag
Hepliaklqana
Kikubaaqudgha
Okawaru
Qazlal
Ru
Sif Muna
Trog
Wu Jian
Yredelemnul

Annotations:
D:7 Maggie


Innate Abilities, Weirdness & Mutations

You are partially covered in yellow scales. (AC +2)
A demonic guardian rushes to your aid.
Your touch may inflict minor irresistible damage on your foes.


Message History

The bolt of fire hits you! You resist.
You hit Maggie but do no damage.
Maggie is moderately wounded.
Maggie hits you but does no damage.
You barely miss Maggie.
Maggie is moderately wounded.
Maggie points at you and mumbles some strange words.
The bolt of fire hits you! You resist.
You are too injured to fight recklessly!
Press: ? - help, v - describe, . - travel
Here: Maggie, wielding a +1 morningstar of protection and wearing +0 acid dragon scales (moderately wounded)
The floor, spattered with blood.
You closely miss Maggie.
Maggie is moderately wounded.
Maggie hits you with a +1 morningstar of protection.
Okay, then.
You feel very mighty all of a sudden.
Maggie mumbles some strange words.
Maggie attempts to bespell you! You resist with almost no effort.
You barely miss Maggie.
Maggie is moderately wounded.
Maggie hits you but does no damage.
Maggie hits you with a +1 morningstar of protection.
You hit Maggie.
Maggie is moderately wounded.
Maggie hits you with a +1 morningstar of protection.
* * * LOW HITPOINT WARNING * * *
Press: ? - help, v - describe, . - travel
Here: Maggie, wielding a +1 morningstar of protection and wearing +0 acid dragon scales (moderately wounded)
The floor, spattered with blood.
There is a stone staircase leading up here.
You slash Maggie!
Maggie is heavily wounded.
Maggie hits you with a +1 morningstar of protection.
* * * LOW HITPOINT WARNING * * *
A demonic guardian appears!
Your rust devil misses Maggie.
Maggie attacks as you move away!
Maggie hits you with a +1 morningstar of protection!
You die...

▒∙▒8∙∙∙∙∙
▒∙∙∙∙8∙8∙
▒▒∙∙∙∙∙∙∙∙
▒∙∙∙∙∙∙∙∙∙
▒∙∙∙∙∙∙∙∙∙
▒▒∙∙∙∙∙∙∙∙∙
▒∙∙∙∙∙∙∙∙∙∙
▒▒∙@<∙∙∙∙∙∙∙
▒∙4@∙∙∙∙∙∙∙∙
▒∙∙∙∙∙∙∙∙∙∙∙
▒∙▒▒▒∙∙▒∙∙∙∙
▒▒ ▒▒▒▒▒▒▒


You could see Maggie (ally target) and a friendly rust devil (summoned).

Vanquished Creatures
  Duvessa (D:4)
  A water moccasin (D:5)
  An ice beast (D:5)
  2 phantoms
  A kobold brigand (D:6)
  2 necrophages
  4 wights (D:6)
  A hound (D:5)
  A gnoll bouda (D:4)
  2 iguanas
  10 adders
  A gnoll (D:4)
  A white imp (D:6)
  5 dart slugs
  4 orcs
  4 bats
  6 endoplasms
  3 giant cockroaches
  4 hobgoblins
  10 kobolds
  3 quokkas
  9 ball pythons
  5 frilled lizards
  6 goblins
  2 rats (D:2)
89 creatures vanquished.

Vanquished Creatures (collateral kills)
  Sigmund (D:5)
  Dowan (D:4)
  A howler monkey (D:5)
  2 gnolls (D:4)
  A kobold (D:4)
6 creatures vanquished.

Vanquished Creatures (others)
  2 fungi
2 creatures vanquished.

Grand Total: 97 creatures vanquished

Notes
Turn   | Place    | Note
-------+----------+-------------------------------------------
     0 | D:1      | Cab the Demonspawn Fighter began the quest for the Orb.
     0 | D:1      | Reached XP level 1. HP: 18/18 MP: 1/1
    89 | D:1      | Reached skill level 2 in Axes
   360 | D:1      | Gained mutation: You are partially covered in yellow
                  | scales. (AC +2) [demonic ancestry]
   360 | D:1      | Reached XP level 2. HP: 23/24 MP: 2/2
   661 | D:1      | Reached skill level 3 in Axes
  1135 | D:2      | Reached XP level 3. HP: 23/29 MP: 3/3
  1950 | D:3      | Identified a scroll of acquirement
  1950 | D:3      | Acquired a ring of poison resistance
  1991 | D:3      | Gained mutation: A weak demonic guardian rushes to your
                  | aid. [demonic ancestry]
  1991 | D:3      | Reached XP level 4. HP: 28/35 MP: 4/4
  2000 | D:3      | Reached skill level 4 in Axes
  2412 | D:3      | Found a faded altar of an unknown god.
  2814 | D:4      | Noticed a phantom
  2821 | D:4      | Killed a phantom
  2822 | D:4      | Reached skill level 5 in Axes
  2822 | D:4      | Gained mutation: A demonic guardian rushes to your aid.
                  | [demonic ancestry]
  2822 | D:4      | Reached XP level 5. HP: 41/41 MP: 5/5
  2853 | D:4      | Noticed Dowan
  2854 | D:4      | Noticed Duvessa
  2859 | D:4      | Killed Dowan
  2870 | D:4      | Killed Duvessa
  2871 | D:4      | Reached skill level 6 in Axes
  2871 | D:4      | Reached XP level 6. HP: 19/47 MP: 6/6
  3088 | D:4      | Found a bloodstained altar of Trog.
  3601 | D:5      | Entered Level 5 of the Dungeon
  3609 | D:5      | Reached skill level 7 in Axes
  3609 | D:5      | Gained mutation: Your touch may inflict minor irresistible
                  | damage on your foes. [demonic ancestry]
  3609 | D:5      | Reached XP level 7. HP: 46/52 MP: 7/7
  3899 | D:5      | Noticed Sigmund
  3932 | D:5      | Killed Sigmund
  3933 | D:5      | Reached skill level 8 in Axes
  4599 | D:5      | Reached XP level 8. HP: 26/58 MP: 8/8
  4883 | D:6      | Identified the +5 crystal plate armour of Nilot {rPois rN+
                  | Dex+2 SInv}
  4930 | D:6      | Reached skill level 9 in Axes
  5300 | D:6      | Found a staircase to the Ecumenical Temple.
  5317 | Temple   | Entered the Ecumenical Temple
  5353 | Temple   | Became a worshipper of Hepliaklqana the Forgotten
  5365 | D:6      | Identified the +7 rapier of Anguish {pain, *Rage rC+ Str+3}
  5544 | D:7      | Noticed Maggie
  5568 | D:7      | Slain by Maggie

Illustrated notes

Levels and vault maps discovered:
D:1:      dpeg_arrival_erosion, layout_basic, fountainhead, minmay_hedge_maze
D:2:      layout_loops_cross, dreamdust_mushroom_princess,
          kennysheep_another_room
D:3:      layout_loops_ring, shapermc_ecumenical_altar_acropolis
D:4:      layout_basic, mainiacjoe_overflow_surrounded_room,
          serial_bayou_pond_d, kennysheep_generic_room_9, uniq_duvessa
D:5:      layout_cave_pools, uniq_sigmund
D:6:      layout_rooms, minmay_temple_entry_arrows
D:7:      layout_cave_pods, serial_column_ruins, column_ruins_circle_medium,
          column_ruins_open_tiny, column_ruins_grid_4, column_ruins_open_tiny,
          column_ruins_open_tiny, column_ruins_grid_1,
          column_ruins_columns_corner, uniq_maggie
Temple:   compressed_dpeg_triangle_lava_temple

Skill      XL: |  1  2  3  4  5  6  7  8 |
---------------+-------------------------+-----
Axes           | 2 3 5 6 7 8 9 |  9.6
Armour         | 3 |  3.0
Fighting       | |  3.0
Shields        | |  2.6

Action                   |  1- 3 |  4- 6 |  7- 9 || total
-------------------------+-------+-------+-------++-------
Melee: War axe           |   135 |    74 |   121 ||   330
  Use: Scroll            |     1 |    11 |     3 ||    15
       Potion            |       |     1 |     1 ||     2
Armor: Scale mail        |    66 |    22 |       ||    88
       Ring mail         |       |    10 |    27 ||    37
       Crystal plate arm |       |       |    30 ||    30
Dodge: Dodged            |    66 |    42 |    32 ||   140
Block: Buckler           |    35 |    15 |    17 ||    67
